 Dungeon Crawl Stone Soup version 0.29-a0-561-ga02bf68b3c (webtiles) character file.

Game seed: 11784893526804976386

1 Nedwor the Twirler (level 1, 0/18 HPs)
             Began as a Minotaur Gladiator on June 11, 2022.
             Slain by a ball python (2 damage)
             ... on level 1 of the Dungeon.
             The game lasted 00:00:46 (35 turns).

Nedwor the Twirler (Minotaur Gladiator)               Turns: 35, Time: 00:00:47

Health: 0/18       AC:  3    Str: 18    XL:     1   Next: 16%
Magic:  0/0        EV:  9    Int:  5    God:
Gold:   0          SH:  0    Dex: 11    Spells: 0/0 levels left

rFire   . . .      SeeInvis .   a - +0 quarterstaff
rCold   . . .      Faith    .   (shield currently unavailable)
rNeg    . . .      Spirit   .   b - +0 leather armour
rPois   .          Reflect  .   c - +0 hat
rElec   .          Harm     .   (no cloak)
rCorr   .          Rampage  .   (no gloves)
Will    .....                   (no boots)
Stlth   +.........              (no amulet)
HPRegen 0.06/turn               (no ring)
MPRegen 0.07/turn               (no ring)

@: constricted, very slow
A: horns 2, retaliatory headbutt
a: no special abilities


You were on level 1 of the Dungeon.
You visited 1 branch of the dungeon, and saw 1 of its levels.

Inventory:

Hand Weapons
 a - a +0 quarterstaff (weapon)
Missiles
 d - 3 throwing nets (quivered)
 e - a javelin
Armour
 b - a +0 leather armour (worn)
 c - a +0 hat (worn)


   Skills:
 + Level 2.4 Fighting
 * Level 3.7 Staves
 - Level 2.0 Throwing
 - Level 3.2 Dodging


You couldn't memorise any spells.
You didn't know any spells.
Your spell library was empty.

Dungeon Overview and Level Annotations

Branches:
Dungeon (1/15)

Altars:


Innate Abilities, Weirdness & Mutations

You have a pair of horns on your head.
You reflexively headbutt those who attack you in melee.


Message History

The ball python constricts you.
The jackal bites you but does no damage. x2
The ball python bites you but does no damage.
The ball python constricts you.
Your unstable footing causes you to fumble your attack.
The jackal bites you. x2
The ball python bites you but does no damage.
The ball python constricts you.
Unknown command.
Your unstable footing causes you to fumble your attack.
The jackal bites you but does no damage.
The jackal bites you. The ball python closely misses you.
The ball python constricts you.
The jackal bites you but does no damage.
The jackal completely misses you.
Unknown command.
Your unstable footing causes you to fumble your attack.
The ball python barely misses you. The ball python constricts you.
The jackal barely misses you. The jackal closely misses you.
The ball python barely misses you. The ball python constricts you.
You are too injured to fight recklessly!
You are too injured to fight recklessly!
Unknown command.
You are too injured to fight recklessly!
Unknown command.
Your unstable footing causes you to fumble your attack.
The jackal bites you. x2
* * * LOW HITPOINT WARNING * * *
The jackal bites you but does no damage.
The ball python misses you. You furiously retaliate!
You headbutt the ball python, but do no damage.
The ball python constricts you. The jackal bites you.
* * * LOW HITPOINT WARNING * * *
You are too injured to fight recklessly!
Your unstable footing causes you to fumble your attack.
The jackal bites you but does no damage.
The jackal bites you.
* * * LOW HITPOINT WARNING * * *
The ball python bites you.
You die...

....... #.#. ##
.......#...#...
.............#
........#..
#############........
#......[....#......#
##.♣.♣.♣.♣.♣.##.....#
##............h###...#
#<.≈≈≈≈≈≈≈≈≈≈@Sg.....#
##............h###....#
##.♣.♣.♣.♣.♣.## .....#
#...........# .h...#
############# ?.....#
........ g$....#..#
.###...


You could see 2 jackals, a hobgoblin and a ball python.

Vanquished Creatures
  A ball python (D:1)
1 creature vanquished.

Notes
Turn   | Place    | Note
-------+----------+-------------------------------------------
     0 | D:1      | Nedwor the Minotaur Gladiator began the quest for the Orb.
     0 | D:1      | Reached XP level 1. HP: 18/18 MP: 0/0
    35 | D:1      | Slain by a ball python

Illustrated notes

Levels and vault maps discovered:
D:1:      mainiacjoe_arrival_reflecting_pool, layout_rooms,
          hellmonk_ecumenical_altar_defaced_shrine, roderic_serpentine_path,
          hangedman_abyss_or_decor_lesser_grid

Action                   || total
-------------------------++-------
Melee: Quarterstaff      ||    11
       Headbutt          ||     1
Armor: Leather armour    ||    16
Dodge: Dodged            ||    31

Table legend: (Time is in decaauts)
 A = Elapsed time spent in this place.
 B = Non-inter-level travel time spent in this place.
 C = Inter-level travel time spent in this place.
 D = Time resting spent in this place.
 E = Time spent auto-exploring this place.
 F = Levels seen in this place.
 G = Mean time per level.
                   A        B        C        D        E       F      G
               +--------+--------+--------+--------+--------+-----+--------+
         Total |     36 |     36 |      0 |      0 |     17 |   1 |   36.0 |
       Dungeon |     36 |     36 |      0 |      0 |     17 |   1 |   36.0 |
               +--------+--------+--------+--------+--------+-----+--------+

Top non-repeatable levels by time:
     D:1: 36 daAuts
